 Dungeon Crawl Stone Soup version 0.30-a0-354-g6b83867211 (webtiles) character file.

Game seed: 11620717328667162114

3705 funkygono the Arsonist (level 9, 0/67 HPs)
             Began as a Green Draconian Fire Elementalist on Nov 7, 2022.
             Slain by a two-headed ogre
             ... wielding a +0 giant club
              (10 damage)
             ... on level 7 of the Dungeon.
             The game lasted 00:15:16 (9156 turns).

funkygono the Arsonist (DrFE)                       Turns: 9156, Time: 00:15:17

Health: 0/67       AC: 15    Str: 12    XL:     9   Next: 91%
Magic:  1/21       EV: 13    Int: 19    God:
Gold:   313        SH:  0    Dex: 15    Spells: 11/24 levels left

rFire   + . .      SeeInvis .    a - +7 hammer of the Heavens {elec, rElec Dex+4}
rCold   x . .      Faith    .    (no shield)
rNeg    . . .      Spirit   .    (body armour unavailable)
rPois   +          Reflect  .    g - +2 hat
rElec   +          Harm     .    r - +0 cloak
rCorr   .          Rampage  .    (no gloves)
Will    .....                    l - +0 pair of boots
Stlth   +++.......               (no amulet)
HPRegen 0.31/turn                t - ring of fire
MPRegen 0.17/turn                j - +4 ring of protection

@: no status effects
A: breathe noxious fumes, AC +7, unfitting armour, poison resistance,
cold-blooded
a: Breathe Noxious Fumes


You were on level 7 of the Dungeon.
You visited 2 branches of the dungeon, and saw 8 of its levels.

You collected 313 gold pieces.

Inventory:

Hand Weapons
 a - the +7 hammer of the Heavens (weapon) {elec, rElec Dex+4}
   (You found it on level 3 of the Dungeon)

   It occasionally discharges a powerful burst of electricity upon striking a
   foe.
   Dex:       It affects your dexterity (+4).
   rElec:     It insulates you from electricity.
 p - the +3 hammer "Wulaut" {vorpal, rF+ rC- Dex+4}
   (You found it on level 3 of the Dungeon)

   It inflicts extra damage upon your enemies.
   Dex:       It affects your dexterity (+4).
   rF:        It protects you from fire.
   rC:        It makes you vulnerable to cold.
 q - a +3 quarterstaff of chaos
 s - the +6 hammer of the Sky {vorpal, *Noise Str+4 Dex+4}
   (You found it on level 3 of the Dungeon)

   It inflicts extra damage upon your enemies.
   Str:       It affects your strength (+4).
   Dex:       It affects your dexterity (+4).
   *Noise:    It may make noises in combat.
 u - a +5 whip
Missiles
 v - a throwing net
Armour
 g - a +2 hat (worn)
 l - a +0 pair of boots (worn)
 r - a +0 cloak (worn)
Jewellery
 d - a ring of flight
 j - a +4 ring of protection (right hand)
 t - a ring of fire (left hand)
 w - a ring of fire
Wands
 h - a wand of flame (29)
 k - a wand of polymorph (11)
 o - a wand of iceblast (11)
 A - a wand of charming (5)
Scrolls
 b - 2 scrolls of torment
 e - 4 scrolls of identify
 f - a scroll of teleportation
 i - a scroll of poison
 y - a scroll of amnesia
Potions
 c - 2 potions of mutation
 m - a potion of heal wounds
 n - a potion of might
 x - a potion of invisibility
 z - a potion of berserk rage {unknown}


   Skills:
 + Level 2.0 Fighting
 + Level 1.3 Maces & Flails
 + Level 3.0 Dodging
 + Level 4.0 Stealth
 + Level 8.2 Spellcasting
 + Level 5.6 Conjurations
 + Level 8.8 Fire Magic


You had 11 spell levels left.
You knew the following spells:

 Your Spells              Type           Power      Damage    Failure   Level
a - Foxfire               Conj/Fire      100%       2x1d9     1%          1
b - Scorch                Fire           100%       2d10      1%          2
c - Kindle Blastsparks    Fire/Tloc/Air  56%        2d14      8%          3
d - Flame Wave            Conj/Fire      52%        2d13      4%          4
e - Stone Arrow           Conj/Erth      36%        3d9       9%          3

Your spell library contained the following spells:

 Spells                   Type           Power      Damage    Failure   Level
 Magic Dart               Conj           100%       1d8       1%          1
 Inner Flame              Hex/Fire       36%        N/A       4%          3
 Mephitic Cloud           Conj/Pois/Air  14%        N/A       12%         3
 Call Imp                 Summ           7%         N/A       14%         2
 Lehudib's Crystal Spear  Conj/Erth      9%         10d4      100%        8
 Animate Armour           Summ/Erth      Unusable   N/A       N/A         4

Dungeon Overview and Level Annotations

Branches:
Dungeon (7/15)             Temple (1/1) D:5

Altars:
Ashenzari
Cheibriados
Dithmenos
Elyvilon
Gozag
Hepliaklqana
Kikubaaqudgha
Makhleb
Okawaru
Qazlal
Ru
Sif Muna
Uskayaw
Wu Jian
Xom
Yredelemnul
Zin
The Shining One

Annotations:
D:5 3 runed translucent doors, Archison's ghost, novice SpCj


Innate Abilities, Weirdness & Mutations

You can breathe blasts of noxious fumes.
Your lurid green scales are hard. (AC +7)
You cannot fit into any form of body armour.
Your system is resistant to poisons. (rPois)
You are cold-blooded and may be slowed by cold attacks.


Message History

The manticore closely misses you. The manticore misses you.
The scorpion barely misses you.
A wave of flame ripples out!
The flame wave engulfs the scorpion!
You kill the scorpion!
The flame wave engulfs the ogre!!
You kill the ogre!
The flame wave engulfs the manticore!
The manticore is almost dead.
You finish channelling waves of flame.
You hear a shout!
The manticore closely misses you. x2; The manticore claws you.
Casting: Flame Wave (dangerous; 4% risk of failure)
Confirm with . or Enter, or press ? or * to list all spells.
You feel a surge of power!
Flames lash the manticore.
The manticore is almost dead.
The manticore's fire resistance burns away.
The manticore bites you. The manticore misses you. The manticore claws you.
A two-headed ogre comes into view.
It is wielding a +0 giant club and a +0 giant spiked club.
Casting: Scorch (safe; 1% risk of failure)
Confirm with . or Enter, or press ? or * to list all spells.
You feel a surge of power!
Flames lash the manticore.
The manticore is burned terribly!
You kill the manticore!
Your Dodging skill increases to level 3!
Your Stealth skill increases to level 4!
Your Spellcasting skill increases to level 8!
Casting: Scorch (safe; 1% risk of failure)
Confirm with . or Enter, or press ? or * to list all spells.
You feel a surge of power!
A cloud of volatile blastsparks flares up around you!
The cloud of blastsparks explodes!
The concussive blast engulfs the two-headed ogre!
The two-headed ogre is moderately wounded.
The concussive blast engulfs you. You resist.
You are knocked back by the blast.
The two-headed ogre attacks as you move away!
The two-headed ogre hits you with a +0 giant club!!
* * * LOW HITPOINT WARNING * * *
The two-headed ogre hits you with a +0 giant spiked club!
You die...

#...>.............#.....
#.......................
#................##.....
#...............###.....
##.............## #.....
##.....#.......
#####.....# #.##### #@##
#.O## ### ##..##### .$.
##.....###.# #####.....#
###.)## #......†)......
#.#####.####### ...


You could see a two-headed ogre.

Vanquished Creatures
  A deep elf pyromancer (D:7)
  A manticore (D:7)
  Grinder (D:5)
  2 ice beasts
  A black bear (D:4)
  3 orc warriors (D:7)
  A sky beast (D:7)
  5 ogres (D:7)
  2 centaurs
  Blork the orc (D:4)
  4 kobold brigands
  2 necrophages
  3 scorpions
  3 jellies
  Crazy Yiuf (D:3)
  5 orc priests
  2 gnoll boudas (D:7)
  2 iguanas
  Natasha (thrice) (D:3)
  4 orc wizards
  3 adders
  11 gnolls
  3 shadow imps
  4 worms
  3 dart slugs
  20 orcs
  11 ball pythons
  11 endoplasms
  6 giant cockroaches
  7 goblins
  8 hobgoblins
  9 jackals
  5 quokkas
  4 bats
  11 kobolds
  5 rats
168 creatures vanquished.

Vanquished Creatures (collateral kills)
  A foxfire (D:3)
1 creature vanquished.

Vanquished Creatures (others)
  An angel (D:6)
  477 foxfires
  9 fungi
  19 plants (D:7)
506 creatures vanquished.

Grand Total: 675 creatures vanquished

Notes
Turn   | Place    | Note
-------+----------+-------------------------------------------
     0 | D:1      | funkygono the Draconian Fire Elementalist began the quest
                  | for the Orb.
     0 | D:1      | Reached XP level 1. HP: 14/14 MP: 3/3
   288 | D:1      | Reached XP level 2. HP: 20/20 MP: 1/5
   291 | D:1      | Learned a level 2 spell: Scorch
  1157 | D:1      | Reached XP level 3. HP: 26/26 MP: 3/6
  1161 | D:1      | Learned a level 3 spell: Kindle Blastsparks
  2908 | D:3      | Reached XP level 4. HP: 34/34 MP: 2/8
  3499 | D:3      | Noticed Natasha
  3536 | D:3      | Killed Natasha
  3537 | D:3      | Reached XP level 5. HP: 10/39 MP: 4/10
  3728 | D:3      | Noticed Natasha
  3731 | D:3      | Killed Natasha
  3957 | D:3      | Identified the +7 hammer of the Heavens {elec, rElec Dex+4}
  3959 | D:3      | Identified the +3 hammer "Wulaut" {vorpal, rF+ rC- Dex+4}
  4077 | D:3      | Found a runed translucent door.
  4078 | D:3      | Noticed Crazy Yiuf
  4129 | D:3      | Found a basalt altar of Yredelemnul.
  4137 | D:3      | Noticed Natasha
  4142 | D:3      | Killed Natasha
  4143 | D:3      | Reached XP level 6. HP: 46/46 MP: 6/12
  4241 | D:3      | Killed Crazy Yiuf
  4250 | D:3      | Identified the +6 hammer of the Sky {vorpal, *Noise Str+4
                  | Dex+4}
  4326 | D:4      | Learned a level 4 spell: Flame Wave
  4835 | D:4      | Noticed Blork the orc
  4842 | D:4      | Killed Blork the orc
  5006 | D:4      | Found a shadowy altar of Dithmenos.
  5153 | D:4      | Reached skill level 5 in Spellcasting
  5153 | D:4      | Reached skill level 5 in Fire Magic
  5153 | D:4      | Your scales start taking on a lurid green colour.
  5153 | D:4      | Reached XP level 7. HP: 51/51 MP: 8/14
  5153 | D:4      | Gained mutation: Your system is resistant to poisons.
                  | (rPois) [Green Draconian growth]
  5324 | D:4      | Reached skill level 1 in Fighting
  5486 | D:5      | Entered Level 5 of the Dungeon
  5551 | D:5      | Identified the +5 ring mail "Ojyh" {Contam rPois Int+4
                  | Dex+9}
  5594 | D:5      | Found an ancient bone altar of Kikubaaqudgha.
  5609 | D:5      | Found a staircase to the Ecumenical Temple.
  5617 | Temple   | Entered the Ecumenical Temple
  5760 | D:5      | Noticed Grinder
  5767 | D:5      | Killed Grinder
  6000 | D:5      | Found a runed translucent gate.
  6000 | D:5      | Found a runed translucent gate.
  6000 | D:5      | Found a runed translucent gate.
  6258 | D:5      | Found a hide-covered altar of Uskayaw.
  6493 | D:5      | Found a snail-covered altar of Cheibriados.
  6789 | D:5      | Noticed Archison's ghost (novice SpCj)
  6909 | D:6      | Reached XP level 8. HP: 59/59 MP: 8/16
  6993 | D:6      | Found a shimmering altar of Xom.
  6997 | D:6      | Noticed an angel
  7002 | D:6      | Found a glowing silver altar of Zin.
  7066 | D:6      | Killed an angel
  7277 | D:6      | Reached skill level 1 in Maces & Flails
  7350 | D:6      | Found an iron altar of Okawaru.
  7541 | D:6      | Found a stormy altar of Qazlal.
  7626 | D:6      | Learned a level 3 spell: Stone Arrow
  7919 | D:7      | Reached XP level 9. HP: 67/67 MP: 1/19
  8808 | D:7      | Found a glowing golden altar of the Shining One.
  9131 | D:7      | Noticed a manticore
  9131 | D:7      | Noticed a deep elf pyromancer
  9140 | D:7      | Killed a deep elf pyromancer
  9141 | D:7      | Reached skill level 5 in Conjurations
  9145 | D:7      | Noticed a two-headed ogre
  9146 | D:7      | Killed a manticore
  9156 | D:7      | Slain by a two-headed ogre

Illustrated notes

Levels and vault maps discovered:
D:1:      nagdon_arrival_double_spiral, layout_loops_corners,
          nicolae_concentric_dashed_squares_wild, chequers_garden,
          chequers_serial_rivers_micro_a, grunt_decor_fettered, minmay_3d_cube
D:2:      layout_loops_ring
D:3:      layout_basic, lemuel_tele_altar, kennysheep_another_room,
          uniq_crazy_yiuf_cottage, uniq_natasha
D:4:      layout_loops_cross, mainiacjoe_overflow_alcove_2, uniq_blork_the_orc
D:5:      layout_basic, kennysheep_slug_shrine, kiku_gazebo_pond_becter,
          nicolae_uskayaw_murder_on_the_dancefloor,
          minmay_temple_entry_gardened_gates, gammafunk_ghost_necromancy,
          uniq_grinder
D:6:      layout_cave_pools, grunt_temple_overflow_order_and_chaos_1,
          okawaru_ov_weapons_minmay, marbit_many_paths
D:7:      kennysheep_seaside_town, layout_rooms, tso_oasis_becter,
          minmay_the_grid_2x2 [minmay_the_grid_zigzag_pyramid,
          minmay_the_grid_minigrid_large, minmay_the_grid_large_cup,
          minmay_the_grid_prize_trominoes]
Temple:   nicolae_temple_two_arcs

Skill      XL: |  1  2  3  4  5  6  7  8  9 |
---------------+----------------------------+-----
Stealth        | 2 3 4 |  4.0
Spellcasting   | 3 4 5 6 8 |  8.2
Fire Magic     | 4 5 6 7 8 |  8.8
Dodging        | 2 3 |  3.0
Conjurations   | 2 4 5 |  5.6
Fighting       | 1 2 |  2.0
Maces & Flails | 1 |  1.3

Action                   |  1- 3 |  4- 6 |  7- 9 || total
-------------------------+-------+-------+-------++-------
Melee: Dagger            |     6 |       |       ||     6
       Tailslap          |     1 |     4 |     1 ||     6
       Whip              |     4 |     7 |       ||    11
       Mace              |       |     6 |    27 ||    33
 Cast: Foxfire           |    69 |    84 |   125 ||   278
       Scorch            |    16 |    26 |    42 ||    84
       Flame Wave        |       |       |     9 ||     9
       Kindle Blastspark |       |       |     1 ||     1
 Abil: Breathe Noxious F |       |       |     2 ||     2
  Use: Scroll            |     8 |     2 |     5 ||    15
       Potion            |       |     1 |       ||     1
 Stab: Distracted        |       |     1 |       ||     1
Armor: Skin              |     6 |    23 |    26 ||    55
Dodge: Dodged            |    22 |    21 |    50 ||    93

Table legend: (Time is in decaauts)
 A = Elapsed time spent in this place.
 B = Non-inter-level travel time spent in this place.
 C = Inter-level travel time spent in this place.
 D = Time resting spent in this place.
 E = Time spent auto-exploring this place.
 F = Levels seen in this place.
 G = Mean time per level.
                   A        B        C        D        E       F      G
               +--------+--------+--------+--------+--------+-----+--------+
         Total |   9168 |   9031 |    137 |    503 |   6915 |   8 | 1146.0 |
       Dungeon |   9060 |   8934 |    126 |    503 |   6827 |   7 | 1294.3 |
        Temple |    107 |     96 |     11 |      0 |     88 |   1 |  107.0 |
               +--------+--------+--------+--------+--------+-----+--------+

Top non-repeatable levels by time:
     D:1: 1743 daAuts
     D:3: 1527 daAuts
     D:7: 1398 daAuts
     D:5: 1308 daAuts
     D:4: 1168 daAuts
     D:2: 1049 daAuts
     D:6: 864 daAuts
  Temple: 107 daAuts
